 Dungeon Crawl Stone Soup version 0.30-a0-23-ge60ba3568b (webtiles) character file.

Game seed: 618950126686186192

1330 Cedruin the Chopper (level 8, -6/66 HPs)
             Began as a Demonspawn Gladiator on Aug 24, 2022.
             Killed by nerve-wracking pain
             ... invoked by an orc priest
              (7 damage)
             ... on level 6 of the Dungeon.
             The game lasted 00:09:56 (6757 turns).

Cedruin the Chopper (Demonspawn Gladiator)          Turns: 6757, Time: 00:09:56

Health: -6/66      AC: 15    Str: 18    XL:     8   Next: 34%
Magic:  8/8        EV: 11    Int:  9    God:
Gold:   245        SH:  5    Dex: 14    Spells: 7/7 levels left

rFire   . . .      SeeInvis .    a - +1 war axe
rCold   . . .      Faith    .    (no shield)
rNeg    . . .      Spirit   .    v - +0 scale mail
rPois   .          Reflect  +    l - +1 hat
rElec   .          Harm     .    k - +1 cloak
rCorr   .          Rampage  .    n - +0 pair of gloves
Will    .....                    p - +2 pair of boots
Stlth   ..........               c - amulet of reflection
HPRegen 0.21/turn                (no ring)
MPRegen 0.11/turn                (no ring)

@: no status effects
A: antennae 1, rugged brown scales 2, spiny 1
a: no special abilities


You were on level 6 of the Dungeon.
You visited 2 branches of the dungeon, and saw 7 of its levels.

You collected 245 gold pieces.

Inventory:

Hand Weapons
 a - a +1 war axe (weapon)
Missiles
 d - 3 throwing nets (quivered)
 e - a javelin
Armour
 k - a +1 cloak (worn)
 l - a +1 hat (worn)
 n - a +0 pair of gloves (worn)
 p - a +2 pair of boots (worn)
 v - a +0 scale mail (worn)
Jewellery
 c - an amulet of reflection (around neck)
Scrolls
 o - 3 scrolls of enchant weapon
 t - 2 scrolls of teleportation
Potions
 f - a potion of magic
 g - 2 potions of resistance {unknown}
 h - 3 potions of flight {unknown}
 i - 2 potions of heal wounds
 j - 3 potions of curing
 m - 3 potions of ambrosia {unknown}
 q - 2 potions of brilliance {unknown}
 r - 2 potions of mutation {unknown}
 s - a potion of attraction {unknown}
 u - a potion of might {unknown}


   Skills:
 + Level 5.4 Fighting
 * Level 7.1 Axes
 - Level 1.7 Throwing
 + Level 5.3 Dodging


You had 7 spell levels left.
You didn't know any spells.
Your spell library contained the following spells:

 Spells                   Type           Power      Damage    Failure   Level
 Ensorcelled Hibernation  Hex/Ice        0%         N/A       91%         2
 Sublimation of Blood     Necr           0%         N/A       91%         2
 Call Canine Familiar     Summ           0%         N/A       99%         3
 Inner Flame              Hex/Fire       0%         N/A       99%         3
 Portal Projectile        Hex/Tloc       0%         N/A       99%         3
 Spider Form              Tmut/Pois      0%         N/A       99%         3
 Tukima's Dance           Hex            0%         N/A       99%         3
 Anguish                  Hex/Necr       0%         N/A       100%        4
 Animate Armour           Summ/Erth      0%         N/A       100%        4
 Cause Fear               Hex            0%         N/A       100%        4
 Leda's Liquefaction      Hex/Erth       0%         N/A       100%        4
 Petrify                  Tmut/Erth      0%         N/A       100%        4
 Blade Hands              Tmut           0%         N/A       100%        5
 Irradiate                Conj/Tmut      0%         3d11      100%        5
 Iron Shot                Conj/Erth      0%         9d1       100%        6
 Discord                  Hex            0%         N/A       100%        8


Dungeon Overview and Level Annotations

Branches:
Dungeon (6/15)             Temple (1/1) D:4

Altars:
Ashenzari
Cheibriados
Fedhas
Makhleb
Okawaru
Sif Muna
Uskayaw
Wu Jian
Yredelemnul

Annotations:
D:5 2 transporters, gdog's ghost, weakling GnDe


Innate Abilities, Weirdness & Mutations

You have a pair of small antennae on your head.
You are mostly covered in rugged brown scales. (AC +2, +5% HP)
You are partially covered in sharp spines.


Message History

The electric eel shoots out a bolt of lightning at you!
The bolt of electricity hits you!
You slash the orc!
You kill the orc!
You hit the orc.
The electric eel shoots out a bolt of lightning at you!
The bolt of electricity hits the adder!
The bolt of electricity hits you! The adder is struck by your spines.
You kill the adder!
The electric eel shoots out a bolt of lightning at you!
The bolt of electricity hits you!
The orc priest looks encouraged for a moment.
The orc attacks as you move away! The orc completely misses you.
The orc attacks as you move away! The orc hits you but does no damage.
The orc attacks as you move away! The orc is struck by your spines.
The orc hits you but does no damage. The orc attacks as you move away!
The orc hits you with a +0 mace.
You hit the orc.
You kill the orc!
The orc priest mumbles some strange prayers to Beogh against you.
Pain shoots through your body!
Items here: $ ) ? †.
You are too injured to fight recklessly!
The orc priest mumbles some strange prayers to Beogh against you.
Beogh smites you!
* * * LOW HITPOINT WARNING * * *
Items here: $ ) ? †.
You closely miss the orc priest. You block the orc priest's attack.
The orc priest invokes the aid of Beogh against you.
Pain shoots through your body!
* * * LOW HITPOINT WARNING * * *
You slash the orc priest!
The orc priest is almost dead.
The orc priest hits you with a +0 war axe.
* * * LOW HITPOINT WARNING * * *
You completely miss the orc priest.
The orc priest is almost dead.
The orc priest mumbles some strange prayers to Beogh against you.
Pain shoots through your body!
You die...

#...###...).#..#..###.
##.##....##.##.####...
#..#.....#..#..#...##
##.##....##.##...###.
#..#..###.....### ##
##.####...#####
#..#...## # ##)..## #
#@### # #o## ### #..#
#.. ##.## ### ####..#
#. # ##....## ##.
....####....## ##..
......o.....# .#...
~~~~.~~~†.#.# .....


You could see an orc priest.

Vanquished Creatures
  A steam dragon (D:6)
  A black bear (D:5)
  A sky beast (D:6)
  An ogre (D:6)
  A phantom (D:6)
  A kobold brigand (D:6)
  A bullfrog (D:6)
  A necrophage (D:6)
  2 scorpions
  5 hounds
  4 jellies
  3 iguanas
  Robin (D:2)
  3 gnolls (D:4)
  11 adders
  3 dart slugs (D:2)
  8 orcs
  5 ball pythons
  6 bats
  9 endoplasms
  2 giant cockroaches
  15 goblins
  7 hobgoblins
  4 jackals (D:2)
  4 kobolds
  2 quokkas
  A frilled lizard (D:1)
  3 rats (D:1)
106 creatures vanquished.

Vanquished Creatures (others)
  8 plants (D:2)
8 creatures vanquished.

Grand Total: 114 creatures vanquished

Notes
Turn   | Place    | Note
-------+----------+-------------------------------------------
     0 | D:1      | Cedruin the Demonspawn Gladiator began the quest for the
                  | Orb.
     0 | D:1      | Reached XP level 1. HP: 16/16 MP: 1/1
   330 | D:1      | Reached skill level 3 in Axes
   332 | D:1      | Gained mutation: You are partially covered in sharp spines.
                  | [demonic ancestry]
   332 | D:1      | Reached XP level 2. HP: 22/22 MP: 2/2
   990 | D:1      | Noticed an eye of devastation
   992 | D:1      | Found a faded altar of an unknown god.
   994 | D:1      | Noticed a golden eye
   994 | D:1      | Noticed a floating eye
   994 | D:1      | Noticed a shining eye
  1257 | D:2      | Reached XP level 3. HP: 28/28 MP: 3/3
  2068 | D:2      | Gained mutation: You are partially covered in rugged brown
                  | scales. (AC +1, +3% HP) [demonic ancestry]
  2068 | D:2      | Reached XP level 4. HP: 28/35 MP: 4/4
  2180 | D:2      | Noticed Robin
  2186 | D:2      | Killed Robin
  2403 | D:2      | Reached skill level 4 in Axes
  3542 | D:4      | Gained mutation: You have a pair of small antennae on your
                  | head. [demonic ancestry]
  3542 | D:4      | Reached XP level 5. HP: 42/42 MP: 5/5
  4091 | D:4      | Gained mutation: You are mostly covered in rugged brown
                  | scales. (AC +2, +5% HP) [demonic ancestry]
  4091 | D:4      | Reached XP level 6. HP: 25/49 MP: 6/6
  4268 | D:4      | Found a staircase to the Ecumenical Temple.
  4273 | Temple   | Entered the Ecumenical Temple
  4698 | D:5      | Entered Level 5 of the Dungeon
  4705 | D:5      | Reached skill level 5 in Axes
  4915 | D:5      | Noticed gdog's ghost (weakling GnDe)
  4916 | D:5      | Found a transporter.
  4946 | D:5      | Identified the +9 great mace of Fimbulwinter {elec, rPois
                  | Int+4}
  4948 | D:5      | Found a transporter.
  5148 | D:6      | Reached XP level 7. HP: 54/56 MP: 7/7
  5491 | D:6      | Reached skill level 6 in Axes
  5818 | D:6      | Found an iron altar of Okawaru.
  5818 | D:6      | Found a basalt altar of Yredelemnul.
  5818 | D:6      | Found an ornate altar of the Wu Jian Council.
  6171 | D:6      | Found a hide-covered altar of Uskayaw.
  6195 | D:6      | Noticed a steam dragon
  6202 | D:6      | Killed a steam dragon
  6203 | D:6      | Reached skill level 5 in Fighting
  6203 | D:6      | Reached skill level 5 in Dodging
  6203 | D:6      | Reached XP level 8. HP: 9/65 MP: 8/8
  6709 | D:6      | Reached skill level 7 in Axes
  6756 | D:6      | HP: 1/66 [orc priest/+0 war axe (5)]
  6757 | D:6      | Killed from afar by an orc priest

Illustrated notes

Levels and vault maps discovered:
D:1:      nicolae_arrival_washed_ashore, layout_basic, serial_rivers,
          chequers_serial_rivers_large_b, chequers_serial_rivers_marsh,
          chequers_serial_rivers_small_b, chequers_serial_rivers_micro_a,
          chequers_serial_rivers_micro_e, hellmonk_ecumenical_altar_watching_god
D:2:      cheibrodos_old_hovel, layout_loops_corners, st_stairs_12,
          chequers_serial_rivers_room_a, uniq_robin
D:3:      layout_basic, minivault_4, interstate_on_off
D:4:      layout_loops_ring, minmay_temple_entry_nine_rooms,
          hangedman_decor_peaks_small
D:5:      layout_rooms, gammafunk_ghost_smash
D:6:      minmay_skewed_foursquare, layout_layer_cave,
          minmay_overflow_temple_hex, old_standard_altar, minivault_14
Temple:   hellmonk_temple_flake

Skill      XL: |  1  2  3  4  5  6  7  8 |
---------------+-------------------------+-----
Axes           | 3 4 5 6 7 |  7.1
Dodging        | 3 4 5 |  5.3
Fighting       | 3 4 5 |  5.4
Throwing       | |  1.7

Action                   |  1- 3 |  4- 6 |  7- 9 || total
-------------------------+-------+-------+-------++-------
Melee: War axe           |    61 |   122 |    66 ||   249
       Punch             |     1 |     4 |     1 ||     6
Throw: Throwing net      |       |       |     1 ||     1
  Use: Scroll            |     5 |    10 |       ||    15
 Stab: Sleeping          |     1 |     1 |       ||     2
Armor: Leather armour    |    24 |    38 |     9 ||    71
       Scale mail        |       |       |    23 ||    23
Dodge: Dodged            |    38 |    72 |    36 ||   146
Block: Other             |    12 |    33 |    13 ||    58
       Reflection        |       |       |     1 ||     1

Table legend: (Time is in decaauts)
 A = Elapsed time spent in this place.
 B = Non-inter-level travel time spent in this place.
 C = Inter-level travel time spent in this place.
 D = Time resting spent in this place.
 E = Time spent auto-exploring this place.
 F = Levels seen in this place.
 G = Mean time per level.
                   A        B        C        D        E       F      G
               +--------+--------+--------+--------+--------+-----+--------+
         Total |   6856 |   6484 |    372 |    689 |   4956 |   7 |  979.4 |
       Dungeon |   6703 |   6340 |    363 |    689 |   4820 |   6 | 1117.2 |
        Temple |    152 |    143 |      9 |      0 |    136 |   1 |  152.0 |
               +--------+--------+--------+--------+--------+-----+--------+

Top non-repeatable levels by time:
     D:2: 1716 daAuts
     D:6: 1401 daAuts
     D:1: 1287 daAuts
     D:4: 954 daAuts
     D:5: 677 daAuts
     D:3: 666 daAuts
  Temple: 152 daAuts
